 Dungeon Crawl Stone Soup version 0.24.0-37-gcf1ca852f1 (webtiles) character file.

Game seed: 16275240718203468152, levelgen mode: deterministic

276 Belius the Skirmisher (level 6, -4/50 HPs)
             Began as a Formicid Abyssal Knight on Dec 5, 2019.
             Was a Follower of Lugonu.
             Killed by nerve-wracking pain
             ... invoked by Grinder
              (13 damage)
             ... on level 3 of the Dungeon.
             The game lasted 00:09:25 (3513 turns).

Belius the Skirmisher (Formicid Abyssal Knight)     Turns: 3513, Time: 00:09:25

Health: -4/50      AC: 12    Str: 19    XL:     6   Next: 50%
Magic:  7/7        EV:  3    Int: 16    God:    Lugonu [*.....]
Gold:   128        SH:  8    Dex: 10    Spells: 5/5 levels left

rFire    . . .     SeeInvis +   a - +1 falchion
rCold    . . .     Gourm    .   i - +0 shield
rNeg     . . .     Faith    .   k - +0 plate armour
rPois    .         Spirit   .   (helmet unavailable)
rElec    .         Reflect  .   (no cloak)
rCorr    .         Harm     .   (no gloves)
MR       .....                  m - +0 pair of boots
Stlth    ..........             (no amulet)
HPRegen  0.16/turn              (no ring)
MPRegen  0.10/turn              (no ring)

@: brilliant
A: permanent stasis, dig shafts and tunnels, four strong arms, antennae 3
a: Dig, Shaft Self, Depart the Abyss, Renounce Religion


You were on level 3 of the Dungeon.
You worshipped Lugonu.
Lugonu was aware of your devotion.
You were not hungry.

You visited 1 branch of the dungeon, and saw 3 of its levels.
You visited the Abyss 1 time.

You collected 128 gold pieces.

Inventory:

Hand Weapons
 a - a +1 falchion (weapon)
Armour
 b - a +0 leather armour
 i - a +0 shield (worn)
 k - a +0 plate armour (worn)
 m - a +0 pair of boots (worn)
Magical Staves
 d - a cursed staff of wizardry {unknown}
Scrolls
 e - a scroll of teleportation {unknown}
 f - a scroll of remove curse
 o - 2 scrolls of immolation
Potions
 n - a potion of lignification
Comestibles
 c - a ration
 h - a chunk of flesh


   Skills:
 + Level 4.9 Fighting
 + Level 4.1 Long Blades
 + Level 3.3 Armour
 - Level 1.3 Dodging
 + Level 1.4 Stealth
 + Level 1.3 Shields
 + Level 2.4 Invocations


You had 5 spell levels left.
You didn't know any spells.
Your spell library was empty.

Dungeon Overview and Level Annotations

Branches:
Dungeon (3/15)

Altars:

Annotations:
D:3 Grinder


Innate Abilities, Weirdness & Mutations

You cannot be hasted, slowed, berserked, paralysed or teleported.
You can dig through walls and to a lower floor.
Your four strong arms can wield two-handed weapons with a shield.
You have a pair of large antennae on your head. (SInv)


Message History

You feel clever all of a sudden. Grinder hits you.
* * * LOW HITPOINT WARNING * * *
You writhe in agony.
* * * LOW HITPOINT WARNING * * *
Okay, then.
As you read the scroll of fear, it crumbles to dust.
You assume a fearsome visage.
Grinder is unaffected.
Grinder hits you but does no damage.
Okay, then.
Okay, then.
Are you sure you want to shaft yourself? [Y]es or [N]o only, please.
Are you sure you want to shaft yourself?
Grinder is nearby!
Grinder is nearby!
Okay, then.
Grinder gestures at you. Pain shoots through your body!
You die...

#######+### #.........#
#.........# #.........+
#.........# ####
#.?..$....#+########...#
#..........@...........#
#......................#
#.........5............+
#......................#
##########...).........#
####.............##
#.........)......'.
#................##
#................#####


You could see Grinder.

Vanquished Creatures
  Sigmund (D:2)
  A worker ant (D:1)
  A gnoll (D:1)
  3 adders (D:2)
  2 oozes
  A dart slug (D:1)
  3 leopard geckos
  An orc (D:3)
  2 giant cockroaches
  5 goblins
  4 hobgoblins
  2 jackals (D:1)
  A quokka (D:2)
  3 bats
  2 frilled lizards
  7 kobolds
  8 rats
47 creatures vanquished.

Notes
Turn   | Place    | Note
-------+----------+-------------------------------------------
     0 | Abyss:1  | Belius the Formicid Abyssal Knight began the quest for the
                  | Orb.
     0 | Abyss:1  | Reached XP level 1. HP: 18/18 MP: 2/2
     4 | Abyss:1  | Found a corrupted altar of Lugonu.
     4 | Abyss:1  | Noticed a torpor snail
     4 | Abyss:1  | Noticed an apocalypse crab
     6 | Abyss:1  | Noticed a faun
     7 | Abyss:1  | Noticed an ancient zyme
     7 | Abyss:1  | Noticed a tentacled starspawn
    28 | D:1      | Escaped the Abyss
    51 | D:1      | Reached * piety under Lugonu
    79 | D:1      | Reached XP level 2. HP: 11/24 MP: 3/3
   650 | D:1      | Reached XP level 3. HP: 26/30 MP: 4/4
  1672 | D:2      | Reached skill level 1 in Dodging
  1672 | D:2      | Reached XP level 4. HP: 15/37 MP: 5/5
  1925 | D:2      | Noticed Sigmund
  2859 | D:2      | Reached XP level 5. HP: 43/43 MP: 6/6
  2893 | D:2      | Killed Sigmund
  2893 | D:2      | Reached skill level 1 in Stealth
  2893 | D:2      | Reached skill level 1 in Shields
  2893 | D:2      | Reached XP level 6. HP: 37/50 MP: 7/7
  3481 | D:3      | Noticed Grinder
  3513 | D:3      | Killed from afar by Grinder

Levels and vault maps discovered:
D:1:      roderic_dead_forest, layout_basic
D:2:      layout_basic, dk_noncrumbling_2, uniq_sigmund
D:3:      layout_basic, marbit_many_paths, tso_altar, first_ration,
          minmay_shallow_snake_nest, uniq_grinder

Skill      XL: |  1  2  3  4  5 |
---------------+----------------+-----
Fighting       | 4 |  4.9
Dodging        | 1 |  1.3
Long Blades    | 4 |  4.1
Armour         | 3 |  3.3
Stealth        | 1 |  1.4
Shields        | 1 |  1.3
Invocations    | |  2.4

Action                   |  1- 3 |  4- 6 || total
-------------------------+-------+-------++-------
Melee: Falchion          |    73 |   117 ||   190
Invok: Depart the Abyss  |     1 |       ||     1
  Use: Potion            |     1 |     3 ||     4
       Scroll            |       |     7 ||     7
  Eat: Chunk             |     2 |     3 ||     5
       Ration            |       |     1 ||     1
Armor: Leather armour    |    11 |     6 ||    17
       Skin              |       |    18 ||    18
       Plate armour      |       |    43 ||    43
Dodge: Dodged            |    40 |    24 ||    64
Block: Shield            |       |    34 ||    34
       Rpst.: Falchion   |    12 |     7 ||    19
